 Dungeon Crawl Stone Soup version 0.31-a0-175-g9f7f995f2b (webtiles) character file.

Game seed: 5463176829403748999

612 qw the Shooter (level 7, 0/44 HPs)
             Began as a Gargoyle Hunter on June 17, 2023.
             Slain by a bullfrog (7 damage)
             ... on level 3 of the Dungeon.
             The game lasted 00:01:06 (2561 turns).

qw the Shooter (Gargoyle Hunter)                    Turns: 2561, Time: 00:01:07

Health: 0/44       AC: 13    Str: 14    XL:     7   Next: 44%
Magic:  7/7        EV: 10    Int: 13    God:
Gold:   56         SH:  0    Dex: 14    Spells: 6/6 levels left

rFire   . . .        Y - +0 shortbow (chaos)
rCold   . . .        (shield currently unavailable)
rNeg    + . .        g - +0 ring mail
rPois   inf          h - +0 helmet
rElec   +            (no cloak)
rCorr   .            (no gloves)
SInv    +            (no boots)
Will    .....        (no amulet)
Stlth   +            (no ring)
HPRegen 0.27/turn    (no ring)
MPRegen 0.10/turn

%: no passive effects
@: no status effects
A: sickness immunity, AC +4, negative energy resistance 1, electricity
resistance, torment resistance 1, petrification resistance, iridescent scales 1,
see invisible, clever 1
a: no special abilities


You were on level 3 of the Dungeon.
You visited 1 branch of the dungeon, and saw 4 of its levels.
You also visited: Sewer.

You collected 98 gold pieces.
You spent 42 gold pieces at shops.


Innate Abilities, Weirdness & Mutations

You are immune to sickness and miasma.
Your stone body is resilient. (AC +4)
You are immune to poison.
You resist negative energy. (rN+)
You are resistant to electric shocks. (rElec)
You are resistant to unholy torment.
You are immune to petrification.
You are partially covered in iridescent scales. (AC +2)
You have supernaturally acute eyesight. (SInv)
Your mind is acute. (Int +4, Str/Dex -1)


   Skills:
 - Level 5.1 Fighting
 + Level 7.5 Ranged Weapons
 - Level 1.4 Armour
 - Level 1.5 Dodging
 - Level 1.1 Stealth


You had 6 spell levels left.
You didn't know any spells.
Your spell library was empty.

Inventory:

Hand Weapons
 Y - a +0 shortbow of chaos (weapon)
Armour
 g - a +0 ring mail (worn)
 h - a +0 helmet (worn)
Jewellery
 c - a ring of ice
Scrolls
 f - a scroll of identify
Potions
 b - 2 potions of haste
 d - a potion of mutation
 e - 3 potions of curing
 i - a potion of might
 n - a potion of heal wounds {unknown}

Dungeon Overview and Level Annotations

Branches:
Dungeon (4/15)              Sewer (visited)
 Temple: D:4-7

Altars:

Shops:
D:2 (!


Message History

The gnoll is severely wounded.
The bullfrog hits you. The iguana bites you. The gnoll misses you.
The gnoll hits you with a +0 whip! The hobgoblin hits you.
You shoot an arrow. The arrow hits the gnoll.
The gnoll is almost dead.
You kill the gnoll!
The bullfrog barely misses you. The bullfrog hits you.
The iguana closely misses you. The hobgoblin barely misses you.
The gnoll hits you with a +0 whip.
You shoot an arrow. The arrow hits the iguana.
The arrow burns the iguana.
The iguana is moderately wounded.
The bullfrog hits you but does no damage.
The hobgoblin closely misses you.
The iguana bites you but does no damage.
The gnoll barely misses you. The bullfrog barely misses you.
You shoot an arrow. The arrow hits the iguana!
The arrow burns the iguana.
The iguana is almost dead.
The bullfrog closely misses you.
The hobgoblin hits you but does no damage.
The gnoll hits you but does no damage.
The iguana bites you but does no damage.
You shoot an arrow. The arrow hits the iguana.
You kill the iguana!
The bullfrog misses you.
The hobgoblin hits you but does no damage.
The gnoll barely misses you. The bullfrog hits you.
You shoot an arrow.
The arrow hits the bullfrog but does no damage.
The bullfrog hits you.
The hobgoblin hits you but does no damage.
The gnoll hits you with a +0 whip.
The bullfrog hits you but does no damage.
You shoot an arrow. The arrow hits the bullfrog.
The bullfrog is moderately wounded.
The gnoll completely misses you.
The hobgoblin hits you but does no damage.
The bullfrog hits you but does no damage.
You shoot an arrow. The arrow barely misses the bullfrog.
The bullfrog hits you!
You die...

########.####### #[# #[#
###.#### ###......#
#......#.# #........#
#########
######..F#g...####........
#........@)............##.
#.####..%.g...####.###.##.
#.# ###....#.# #.###.##.
#.# #......# #.#...##. #.#
###.#### #.#.####.
########.# #.# #.#.# #.
#...<..#.# ##'## #.#.####.
#.####.#.## ##...##
#.......! #.# #....##
##.....## ###.#####


You could see a bullfrog, a gnoll and a hobgoblin.

Vanquished Creatures
  Sigmund (D:2)
  3 kobold brigands (Sewer)
  Jessica (D:2)
  An iguana (D:3)
  An orc wizard (D:3)
  2 gnolls
  6 adders
  2 river rats (Sewer)
  2 worms
  5 dart slugs
  3 orcs (D:3)
  An endoplasm (Sewer)
  2 giant cockroaches
  4 goblins
  4 hobgoblins
  3 quokkas
  7 ball pythons
  2 bats (D:1)
  3 frilled lizards (D:1)
  10 kobolds
  9 rats
72 creatures vanquished.

Notes
Turn   | Place    | Note
-------+----------+-------------------------------------------
     0 | D:1      | qw the Gargoyle Hunter began the quest for the Orb.
     0 | D:1      | Reached XP level 1. HP: 12/12 MP: 1/1
     0 | D:1      | 0 ||| qw: Version: 0.3-a-2-g5ab2908
     0 | D:1      | 0 ||| qw: Game counter: 324
     0 | D:1      | 0 ||| qw: Always use a shield: true
     0 | D:1      | 0 ||| qw: God list: Okawaru
     0 | D:1      | 0 ||| qw: Allow faded altars: false
     0 | D:1      | 0 ||| qw: Do Orc after D:15 true
     0 | D:1      | 0 ||| qw: Do second Lair branch before Depths: true
     0 | D:1      | 0 ||| qw: Lair rune preference: random
     0 | D:1      | 0 ||| qw: Plans: Normal, Zot:1-4, Slime:5, God:TSO, Crypt,
                  | Tomb, Abyss, Pan, Hells, Win
     0 | D:1      | 0 ||| PLANNING D:1-11
    44 | D:1      | Reached XP level 2. HP: 17/17 MP: 2/2
   222 | D:1      | Found a faded altar of an unknown god.
   438 | D:1      | Reached XP level 3. HP: 20/21 MP: 3/3
   524 | D:1      | 524 ||| UPGRADING to +0 ring mail.
   534 | D:1      | 534 ||| DROPPING +0 leather armour.
   535 | D:1      | 535 ||| UPGRADING to +0 helmet.
   540 | D:1      | 540 ||| DROPPING ring of wizardry.
   541 | D:1      | 541 ||| DROPPING ring of flight.
   542 | D:1      | 542 ||| READING scroll labelled JOURO KEPH.
   543 | D:1      | 543 ||| READING scroll labelled BYXUGIAZEMM.
   544 | D:1      | 544 ||| READING scroll labelled JOX FUYTYMN.
   545 | D:1      | 545 ||| READING scroll labelled NOFOME IWNIYRE.
   546 | D:1      | 546 ||| READING scroll labelled AMOTWI TYGETZ.
   547 | D:1      | 547 ||| DROPPING scroll of butterflies.
   684 | D:2      | Noticed Jessica
   694 | D:2      | Reached skill level 1 in Armour
   694 | D:2      | Killed Jessica
   695 | D:2      | Reached skill level 5 in Ranged Weapons
   695 | D:2      | Reached XP level 4. HP: 22/26 MP: 4/4
   712 | D:2      | Found Naevocly's Weapon Shoppe.
   775 | D:2      | Noticed Sigmund
   795 | D:2      | Killed Sigmund
   796 | D:2      | Reached XP level 5. HP: 21/35 MP: 5/5
   796 | D:2      | Reached XP level 6. HP: 25/40 MP: 6/6
   937 | D:2      | Found Hiteiwes's Distillery.
   941 | D:2      | 941 ||| SHOPLISTING 2 potions of lignification (84 gold,
                  | have 44).
   941 | D:2      | 941 ||| BUYING potion of curing (42 gold).
   941 | D:2      | Bought a potion of curing for 42 gold pieces
   941 | D:2      | 941 ||| SHOPLISTING potion of haste (140 gold, have 2).
   941 | D:2      | 941 ||| SHOPLISTING potion of heal wounds (70 gold, have
                  | 2).
  1276 | D:2      | 1276 ||| READING 2 scrolls labelled CALER BYLUU.
  1277 | D:2      | 1277 ||| READING scroll of brand weapon.
  1277 | D:2      | 1277 ||| BRANDING +0 shortbow of freezing.
  1278 | D:2      | 1278 ||| DROPPING potion of brilliance.
  1300 | D:3      | 1300 ||| PLANNING SEWER
  1611 | D:3      | Found a glowing drain.
  1612 | D:3      | 1612 ||| READING scroll labelled DAANIR BIE.
  1642 | D:3      | 1642 ||| DRINKING 2 white potions.
  1651 | Sewer    | Entered a sewer
  1668 | Sewer    | 1668 ||| Stepping ~*~*~tactically~*~*~ (water).
  1671 | Sewer    | 1671 ||| Stepping ~*~*~tactically~*~*~ (water).
  1684 | Sewer    | Reached skill level 6 in Ranged Weapons
  1738 | Sewer    | 1738 ||| Stepping ~*~*~tactically~*~*~ (water).
  1760 | Sewer    | Reached XP level 7. HP: 44/44 MP: 7/7
  1823 | Sewer    | Reached skill level 7 in Ranged Weapons
  1878 | Sewer    | 1878 ||| Stepping ~*~*~tactically~*~*~ (water).
  1980 | Sewer    | 1980 ||| READING scroll labelled LOIGREOGEC.
  1981 | Sewer    | 1981 ||| READING 2 scrolls labelled SUKONT VAIDAM.
  1982 | Sewer    | 1982 ||| READING scroll labelled UFANEO USMEZXY.
  1983 | Sewer    | 1983 ||| DRINKING 2 glowing purple potions.
  1983 | Sewer    | Gained mutation: You have supernaturally acute eyesight.
                  | (SInv) [potion of mutation]
  1983 | Sewer    | Gained mutation: You are partially covered in iridescent
                  | scales. (AC +2) [potion of mutation]
  1983 | Sewer    | Gained mutation: Your mind is acute. (Int +4, Str/Dex -1)
                  | [potion of mutation]
  1984 | Sewer    | 1984 ||| DRINKING 2 purple potions.
  1995 | D:3      | 1995 ||| PLANNING D:1-11
  2521 | D:3      | 2521 ||| READING 2 scrolls of identify.
  2521 | D:3      | 2521 ||| IDENTIFYING clear potion
  2522 | D:3      | 2522 ||| DROPPING potion of degeneration.
  2552 | D:4      | 2552 ||| STAIRDANCE
  2559 | D:3      | HP: 11/44 [bullfrog (5)]
  2561 | D:3      | Slain by a bullfrog

Levels and vault maps discovered:
D:1:      dpeg_arrival_short_road, layout_rooms,
          dreamdust_ecumenical_altar_angels_and_demons, hangedman_decor_lopped,
          st_stairs_5
D:2:      layout_rooms, serial_forest, infiniplex_forest_straight_3,
          infiniplex_forest_lined_ring, infiniplex_forest_end_2,
          infiniplex_forest_clump_long, infiniplex_forest_lined_3_way,
          infiniplex_forest_straight_4, serial_shops,
          nicolae_shop_pleasant_corner_grove, nicolae_shop_bloodbath_and_beyond,
          hangedman_decor_points, uniq_jessica, uniq_sigmund
D:3:      layout_loops_corners, portal_sewer_entry_d
D:4:      layout_rooms, minmay_temple_entry_overgrown, serial_glass,
          glass_columns_c, glass_columns_a, glass_columns_a, glass_columns_b,
          minmay_shop_grid_forest, uniq_blork_the_orc, uniq_menkaure, uniq_robin

Skill      XL: |  1  2  3  4  5  6  7 |
---------------+----------------------+-----
Armour         | 1 |  1.4
Ranged Weapons | 5 6 7 |  7.5
Fighting       | 5 |  5.1
Dodging        | |  1.5
Stealth        | |  1.1

Action                     |  1- 3 |  4- 6 |  7- 9 || total
---------------------------+-------+-------+-------++-------
   Fire: Shortbow          |    57 |   100 |    82 ||   239
    Use: Scroll            |     5 |     3 |     4 ||    12
         Potion            |       |     1 |     2 ||     3
 Armour: Ring mail         |     5 |    19 |    27 ||    51
  Dodge: Dodged            |    13 |    15 |    27 ||    55

Table legend:
 A = Non-vault XP
 B = Vault XP
 C = Vault XP percentage of total XP
 D = Non-vault monster count
 E = Vault monster count
 F = Vault count percentage of total count
                 A         B        C        D         E       F
            +---------+---------+-------+---------+---------+-------
      Total |     222 |     653 |  74.6 |      48 |      24 |  33.3
            +---------+---------+-------+---------+---------+-------
        D:1 |      31 |       4 |  11.4 |      17 |       3 |  15.0
        D:2 |      42 |     263 |  86.2 |      14 |       2 |  12.5
        D:3 |     135 |      14 |   9.4 |      16 |       1 |   5.9
        D:4 |      14 |       0 |   0.0 |       1 |       0 |   0.0
      Sewer |       0 |     372 | 100.0 |       0 |      18 | 100.0
            +---------+---------+-------+---------+---------+-------
